 Dungeon Crawl Stone Soup version 0.30-a0-937-ga0a21ad780 (webtiles) character file.

Game seed: 4982580640878643437

514536 Iniera the Ruinous (level 23, -5/150 HPs)
             Began as a Deep Elf Conjurer on Mar 24, 2023.
             Was the Champion of Vehumet.
             Killed from afar by a starcursed mass (8 damage)
             ... with an accursed screaming
             ... on level 3 of the Abyss on Mar 25, 2023.
             The game lasted 03:48:13 (55866 turns).

Iniera the Ruinous (Deep Elf Conjurer)             Turns: 55866, Time: 03:48:13

Health: -5/150     AC: 24    Str:  0    XL:     23   Next: 99%
Magic:  42/49      EV: 17    Int: 44    God:    Vehumet [******]
Gold:   2002       SH:  7    Dex: 11    Spells: 11/63 levels left

rFire   + + .      SeeInvis +    b - +3 Elemental Staff {rElec rF++ rC++ AC+5}
rCold   + . .      Faith    .    I - +3 buckler {AC+3}
rNeg    . . .      Spirit   .    O - +2 robe {Will+}
rPois   .          Reflect  .    d - +2 hat of the Black Moon {Regen+}
rElec   +          Rampage  +    Q - scarf {rC+ rF+}
rCorr   .          Rage     9%   i - +2 pair of gloves
Will    ++++.                    P - +2 pair of boots {rampage}
Stlth   +++                      C - amulet of magic regeneration
HPRegen 0.00/turn                W - ring "Tenazaim" {rElec Will+ Int+6 Slay+3}
MPRegen 0.71/turn                E - ring "Piesmico" {AC+4 Int+3 SInv}

@: inhibited regen, slowed, lost strength, studying 4 skills, unable to drink,
very slow
A: inability to read after injury 1, [berserk 2], [clumsy 1], [screaming 1],
[weak 2], [no potion heal 1], [cold vulnerability 2], [heat vulnerability 1],
[subdued magic 1]
}: 3/15 runes: barnacled, silver, gossamer
a: Renounce Religion


You were on level 3 of the Abyss.
You worshipped Vehumet.
Vehumet was exalted by your worship.
You visited 9 branches of the dungeon, and saw 43 of its levels.
You visited the Abyss 1 time.
You visited 1 bazaar.
You also visited: Gauntlet and Ice Cave.

You collected 7308 gold pieces.
You spent 5306 gold pieces at shops.

Inventory:

Hand Weapons
 b - the +3 Elemental Staff (weapon) {rElec rF++ rC++ AC+5}
   (You bought it in a shop on level 2 of the Elven Halls)

   It enhances your fire, ice, earth and air magic.
   AC:        It affects your AC (+5).
   rF:        It greatly protects you from fire.
   rC:        It greatly protects you from cold.
   rElec:     It insulates you from electricity.
 A - the +7 lajatang of Order {silver, rMut}
   (You acquired it on level 5 of the Vaults)

   rMut:      It protects you from mutation.
Armour
 d - the +2 hat of the Black Moon (worn) {Regen+}
   (You acquired it on level 2 of the Dungeon)

   Regen:     It increases your rate of health regeneration.
 i - a +2 pair of gloves (worn)
 I - a +3 buckler of protection (worn)
 O - a +2 robe of willpower (worn)
 P - a +2 pair of boots of rampaging (worn)
 Q - a scarf of resistance (worn)
Magical Staves
 a - a staff of conjuration
Jewellery
 h - a ring of poison resistance
 w - a ring of positive energy
 C - an amulet of magic regeneration (around neck)
 E - the ring "Piesmico" (right hand) {AC+4 Int+3 SInv}
   (You took it off a deep elf zephyrmancer on level 3 of the Elven Halls)

   [ring of protection]

   AC:        It affects your AC (+4).
   Int:       It affects your intelligence (+3).
   SInv:      It lets you see invisible.
 N - a ring of resist corrosion
 T - a ring of see invisible
 U - a ring of flight
 W - the ring "Tenazaim" (left hand) {rElec Will+ Int+6 Slay+3}
   (You bought it in a shop on level 2 of the Orcish Mines)

   [ring of intelligence]

   Int:       It affects your intelligence (+6).
   Slay:      It affects your accuracy & damage with ranged weapons and melee
   (+3).
   rElec:     It insulates you from electricity.
   Will:      It increases your willpower.
Wands
 q - a wand of flame (30)
 s - a wand of paralysis (25)
 u - a wand of iceblast (26)
 v - a wand of polymorph (44)
 y - a wand of mindburst (38)
 D - a wand of digging (7)
 H - a wand of quicksilver (8)
Scrolls
 c - 4 scrolls of fog
 e - 3 scrolls of butterflies
 k - 20 scrolls of teleportation
 m - 3 scrolls of enchant armour
 B - 5 scrolls of amnesia
 J - 3 scrolls of fear
 K - 10 scrolls of blinking
 L - 37 scrolls of identify
 X - 3 scrolls of magic mapping
Potions
 f - 10 potions of might
 g - 2 potions of resistance
 j - 3 potions of attraction
 l - 18 potions of heal wounds
 n - 5 potions of cancellation
 o - 20 potions of curing
 p - 6 potions of mutation
 r - 8 potions of ambrosia
 t - 4 potions of berserk rage
 z - 8 potions of flight
 F - 5 potions of brilliance
 M - 3 potions of invisibility
 S - 7 potions of haste
Miscellaneous
 V - a condenser vane


   Skills:
 + Level 17.2 Fighting
 - Level 6.2 Staves
 - Level 4.5 Armour
 + Level 15.9 Dodging
 - Level 4.8 Stealth
 - Level 4.1 Shields
 - Level 20.5 Spellcasting
 + Level 22.5 Conjurations
 - Level 10.5 Hexes
 - Level 7.3 Summonings
 + Level 9.4 Necromancy
 - Level 4.5 Translocations
 + Level 7.3 Transmutations
 + Level 9.9 Ice Magic
 + Level 20.8 Earth Magic
 - Level 8.3 Evocations


You had 11 spell levels left.
You knew the following spells:

 Your Spells              Type           Power      Damage    Failure   Level
a - Lehudib's Crystal Sp  Conj/Erth      67%        10d15     1%          8
b - Borgnjor's Vile Clut  Necr/Erth      58%        N/A       0%          5
c - Fulminant Prism       Conj/Hex       49%        3d21      0%          4
d - Iskenderun's Mystic   Conj/Tloc      90%        2d18      0%          4
e - Magic Dart            Conj           100%       1d8       0%          1
f - Yara's Violent Unrav  Hex/Tmut       38%        3d15      1%          5
g - Orb of Destruction    Conj           56%        9d14      0%          7
h - Spellforged Servitor  Conj/Summ      47%        N/A       1%          7
i - Searing Ray           Conj           100%       2d8       0%          2
j - Shatter               Erth           66%        3d49*     2%          9

Your spell library contained the following spells:

 Spells                   Type           Power      Damage    Failure   Level
 Chain Lightning          Conj/Air       52%        3d70      75%         9
 Polar Vortex             Ice            50%        N/A       89%         9
 Beastly Appendage        Tmut           100%       N/A       0%          1
 Foxfire                  Conj/Fire      100%       2x1d9     0%          1
 Kiss of Death            Conj/Necr      100%       2d13      0%          1
 Necrotise                Necr           100%       1d9       0%          1
 Shock                    Conj/Air       100%       1d9       0%          1
 Slow                     Hex            100%       N/A       0%          1
 Summon Small Mammal      Summ           100%       N/A       0%          1
 Ensorcelled Hibernation  Hex/Ice        100%       N/A       0%          2
 Passwall                 Tmut/Erth      95%        N/A       0%          2
 Sublimation of Blood     Necr           78%        N/A       0%          2
 Confusing Touch          Hex            82%        N/A       0%          3
 Dazzling Flash           Conj/Hex       100%       N/A       0%          3
 Hailstorm                Conj/Ice       100%       3d20      0%          3
 Ozocubu's Armour         Ice            100%       N/A       0%          3
 Tukima's Dance           Hex            82%        N/A       0%          3
 Leda's Liquefaction      Hex/Erth       59%        N/A       0%          4
 Irradiate                Conj/Tmut      47%        3d27      0%          5
 Iskenderun's Battlesphe  Conj           100%       2d15      0%          5
 Lee's Rapid Deconstruct  Erth           66%        3d30*     0%          5
 Iron Shot                Conj/Erth      67%        9d12      0%          6
 Apportation              Tloc           100%       N/A       1%          1
 Sting                    Tmut/Pois      100%       1d8       1%          1
 Call Imp                 Summ           71%        N/A       1%          2
 Poisonous Vapours        Pois/Air       100%       N/A       1%          2
 Scorch                   Fire           100%       2d10      1%          2
 Wereblood                Tmut           71%        N/A       1%          2
 Call Canine Familiar     Summ           71%        N/A       1%          3
 Kindle Blastsparks       Fire/Tloc/Air  100%       2d18      1%          3
 Mephitic Cloud           Conj/Pois/Air  91%        N/A       1%          3
 Portal Projectile        Hex/Tloc       100%       N/A       1%          3
 Spider Form              Tmut/Pois      56%        N/A       1%          3
 Summon Guardian Golem    Hex/Summ       76%        N/A       1%          3
 Swiftness                Air            51%        N/A       1%          3
 Vampiric Draining        Necr           78%        2d11      1%          3
 Airstrike                Air            25%        2d(4-20)  1%          4
 Dispel Undead            Necr           78%        3d26      1%          4
 Ice Form                 Ice/Tmut       96%        N/A       1%          4
 Manifold Assault         Tloc           60%        N/A       1%          4
 Olgreb's Toxic Radiance  Pois           34%        N/A       1%          4
 Passage of Golubria      Tloc           60%        N/A       1%          4
 Summon Lightning Spire   Summ/Air       74%        N/A       1%          4
 Agony                    Necr           78%        N/A       1%          5
 Blade Hands              Tmut           35%        N/A       1%          5
 Fireball                 Conj/Fire      52%        3d20      1%          5
 Freezing Cloud           Conj/Ice/Air   63%        6-21      1%          5
 Silence                  Hex/Air        40%        N/A       1%          5
 Conjure Ball Lightning   Conj/Air       52%        3x3d18    1%          6
 Simulacrum               Ice/Necr       50%        N/A       1%          6
 Starburst                Conj/Fire      52%        6d14      1%          6
 Ozocubu's Refrigeration  Ice            50%        4d18      1%          7
 Alistair's Intoxication  Tmut/Pois      37%        N/A       2%          5
 Plasma Beam              Fire/Air       33%        2x1d51    3%          5
 Eringya's Noxious Bog    Tmut/Pois      28%        N/A       4%          6
 Enfeeble                 Hex            41%        N/A       4%          7
 Dispersal                Tloc           30%        N/A       12%         6
 Dragon Form              Tmut           35%        N/A       21%         7
 Summon Hydra             Summ           35%        N/A       21%         7
 Discord                  Hex            41%        N/A       41%         8
 Borgnjor's Revivificati  Necr           39%        N/A       56%         8
 Necromutation            Tmut/Necr      37%        N/A       73%         8
 Disjunction              Tloc           30%        N/A       99%         8
 Death's Door             Necr           39%        N/A       100%        9


Dungeon Overview and Level Annotations

Branches:
Dungeon (15/15)            Temple (1/1) D:5            Lair (5/5) D:9
 Shoals (4/4) Lair:3       Spider (4/4) Lair:2        Slime (0/5) Lair:4
    Orc (2/2) D:12            Elf (3/3) Orc:2        Vaults (5/5) D:13
  Crypt (0/3) Vaults:3     Depths (4/4) D:15            Zot (0/5) Depths:4
  IceCv (visited)         Gauntlet (visited)

Altars:
Ashenzari
Cheibriados
Dithmenos
Elyvilon
Fedhas
Gozag
Hepliaklqana
Kikubaaqudgha
Makhleb
Nemelex Xobeh
Okawaru
Qazlal
Ru
Sif Muna
Trog
Uskayaw
Vehumet
Wu Jian
Xom
Yredelemnul
Zin
The Shining One
Jiyva

Shops:
D:4 :   D:6 *   D:12 ?(   Orc:2 ==([*=?   Elf:1 ?:**   Elf:2 (   Elf:3 (
Shoals:1 :   Shoals:2 *   Shoals:3 :   Vaults:1 :   Vaults:3 *   Vaults:5 !
Depths:1 *

Portals:
Hell: Depths:1 Depths:2 Depths:3 Depths:4
Abyss: Depths:1 Depths:2 Depths:3
Pandemonium: Depths:2 Depths:4
Ziggurat: Depths:3
Trove: Depths:1 (give +3 storm dragon scales)

Annotations:
D:3 2 transporters, oldplebian's ghost, weakling HOCA
D:5 exclusion: statue
D:12 2 transporters, Iniera's ghost, journeyman VSCj
Elf:1 6 runed translucent doors
Depths:2 3 runed translucent doors, 2 transporters, Gucom's ghost, veteran GnFi


Innate Abilities, Weirdness & Mutations

You occasionally lose the ability to read scrolls when taking damage.
[You have an uncontrollable temper.]
[You are clumsy. (Dex -2)]
[You occasionally shout uncontrollably at your foes.]
[You are very weak. (Str -4)]
[Potions are less effective at restoring your health.]
[You are very vulnerable to cold. (rC--)]
[You are vulnerable to heat. (rF-)]
[Your spells are a little easier to cast, but a little less powerful.]


Message History

You feel robust.
You feel less vulnerable to cold.
Unknown command.
Unknown command.
Unknown command.
Unknown command.
Unknown command.
Unknown command.
Unknown command.
Unknown command.
Unknown command.
Unknown command.
Unknown command.
Unknown command.
Unknown command.
Unknown command.
Unknown command.
Unknown command.
Unknown command.
Unknown command.
Unknown command.
Unknown command.
Casting: Shatter (dangerous; 2% risk of failure)
Confirm with . or Enter, or press ? or * to list all spells.
Aiming: Lehudib's Crystal Spear (mildly dangerous; 1% risk of failure)
Press: ? - help, Shift-Dir - straight line, f - starcursed mass
Aim: a starcursed mass (lightly damaged, 100% to hit)
Okay, then.
Okay, then.
Casting: Lehudib's Crystal Spear (mildly dangerous; 1% risk of failure)
Confirm with . or Enter, or press ? or * to list all spells.
Aiming: Lehudib's Crystal Spear (mildly dangerous; 1% risk of failure)
Press: ? - help, Shift-Dir - straight line, f - starcursed mass
Aim: a starcursed mass (lightly damaged, 100% to hit)
You feel a surge of power!
The crystal spear hits the starcursed mass!!!!
The starcursed mass is severely damaged.
The substance of the Abyss twists violently, and a gateway leading down appears!
A quasit comes into view.
A chorus of shrieks assaults your mind.
You die...

# ..##≈~....⌠.φ..#
#..#...~~....#XX.
#.X..#~~.....# # #
.#.§~#*.#..### # .#
.#..#X§.§#..X.###.# .
#....#~~.§.#...#.'# ..
....#.#§.§⌠..∩.'. . .
.....~.......#.#
....#..#~.§...@..#
..#...###...§..§.§#⌠....
# ..#....#......... ..#
§ ..#.#..##≈~#####.# # .
#.#. #.##~5 #.. #.# #..
### ... #. .##. ..


You could see 2 starcursed masses, a wretched star and a quasit.

Vanquished Creatures
  A dread lich (Vaults:5)
  Mennas (Vaults:4)
  3 golden dragons
  A walking earthen tome (Depths:4)
  4 tentacled monstrosities
  Jorgrun (D:15)
  3 liches
  2 deep elf master archers (Elf:3)
  A quicksilver dragon (Depths:3)
  2 deep elf blademasters
  3 titans
  9 tentacled starspawn (Abyss:3)
  2 krakens
  7 sphinxes
  Kirke (Shoals:1)
  5 shadow dragons
  6 tengu reavers
  A thorn hunter (Abyss:3)
  Ilsuiw (Shoals:2)
  2 storm dragons
  2 draconian knights (Depths:4)
  5 fire giants
  7 deep elf sorcerers
  2 iron dragons (Vaults:5)
  7 frost giants
  9 emperor scorpions (Spider:4)
  4 ghost moths (Spider:4)
  16 vault wardens
  A ghost moth (shapeshifter) (Depths:1)
  A balrug (Depths:3)
  2 orc warlords
  4 deep elf elementalists (Elf:3)
  3 spriggan defenders (Depths:3)
  A quicksilver ooze (shapeshifter) (Vaults:5)
  2 broodmothers (Spider:2)
  14 stone giants
  13 very ugly things
  16 ironbound preservers
  A reaper (IceCv)
  2 war gargoyles
  6 ironbound thunderhulks
  An ophan (Abyss:3)
  7 deep elf annihilators
  A lorocyproca (Abyss:3)
  Nessos (D:13)
  2 vampire knights
  8 deep elf demonologists
  2 black draconians (Depths:4)
  2 white draconians (Depths:4)
  2 yellow draconians (Depths:4)
  A minotaur (Gauntlet)
  12 dire elephants
  10 spark wasps
  A red draconian (Depths:4)
  A crystal guardian (Vaults:2)
  A green death (Abyss:3)
  4 ettins
  3 merfolk javelineers (Shoals:4)
  A quicksilver dragon zombie (Abyss:3)
  5 deep elf death magi
  6 fire dragons
  6 merfolk impalers
  11 yaktaur captains
  4 deep elf high priests
  8 great orbs of eyes
  4 entropy weavers
  2 rakshasas
  16 ironbound frosthearts
  A spriggan zombie (Depths:3)
  2 peacekeepers
  A jorogumo (shapeshifter) (Vaults:3)
  3 hydras
  3 jorogumos
  5 merfolk avatars
  11 centaur warriors
  4 ice dragons
  27 vault guards
  4 ogre magi
  5 boulder beetles
  A juggernaut simulacrum (Abyss:3)
  2 spriggan air magi (Depths:4)
  A catoblepas (Abyss:3)
  2 death knights
  4 satyrs
  5 death yaks (Lair:1)
  6 two-headed ogres
  4 merfolk aquamancers (Shoals:4)
  2 hell hogs
  6 radroaches
  5 deep troll shamans
  7 deep troll earth magi
  5 tengu warriors
  18 dancing weapons
  5 hell knights (Abyss:3)
  4 spriggan berserkers
  A vampire mage (Depths:4)
  3 spriggans
  5 sun demons
  3 thrashing horrors
  20 deep elf knights
  5 orc high priests (Orc:2)
  5 wretched stars (Abyss:3)
  3 skysharks
  A soul eater (Gauntlet)
  5 iron trolls
  A titan skeleton (Depths:3)
  A fire crab (Lair:5)
  2 salamander mystics (Depths:3)
  13 skeletal warriors
  3 pharaoh ants
  10 large abominations (Abyss:3)
  A swamp dragon (shapeshifter) (D:14)
  11 sea snakes
  A death drake (shapeshifter) (Vaults:5)
  53 deep trolls
  2 swamp dragons (Abyss:3)
  10 orb spiders
  A deep troll (shapeshifter) (Vaults:5)
  14 wizards
  A tengu zombie (Depths:3)
  2 flayed ghosts
  2 glowing orange brains
  A phantasmal warrior (Vaults:5)
  8 deep elf archers
  14 ironbound convokers
  20 starcursed masses (Abyss:3)
  7 necromancers
  13 lindwurms
  9 orc knights
  22 deep elf zephyrmancers
  A steelbarb worm (shapeshifter) (Vaults:5)
  28 harpies
  12 wolf spiders
  21 deep elf pyromancers
  4 steelbarb worms
  A tengu skeleton (Vaults:3)
  6 orc sorcerers
  40 ugly things
  An iron dragon skeleton (Depths:2)
  3 cyclopes
  3 nameless horrors
  5 salamanders (Depths:3)
  A guardian serpent (shapeshifter) (Vaults:5)
  15 manticores
  13 fauns
  3 elephants (Lair:3)
  A stone giant skeleton (Depths:2)
  2 worldbinders (Abyss:3)
  3 moths of wrath
  3 apocalypse crabs (Abyss:3)
  2 ice statues (IceCv)
  2 guardian serpents (Abyss:3)
  2 black mambas
  A smoke demon (Abyss:3)
  8 merfolk sirens
  A rust devil (Depths:2)
  12 water nymphs
  A centaur zombie (Abyss:3)
  10 demonic crawlers
  3 elf skeletons (Vaults:3)
  6 torpor snails
  An eye of devastation (shapeshifter) (D:13)
  An unseen horror (D:11)
  3 molten gargoyles (Lair:5)
  20 vault sentinels
  2 gargoyles
  11 cane toads
  A yaktaur (shapeshifter) (Spider:1)
  19 yaktaurs
  2 rime drakes (Lair:3)
  A hellion (Abyss:3)
  A rime drake (shapeshifter) (Abyss:3)
  2 efreet
  11 komodo dragons
  A tormentor (Abyss:3)
  8 ice devils
  3 tengu conjurers
  6 ancient zymes (Abyss:3)
  4 freezing wraiths (Vaults:5)
  A hornet (shapeshifter) (D:15)
  A yaktaur skeleton (Vaults:3)
  18 merfolk
  4 polar bears
  6 hornets
  A harpy skeleton (Abyss:3)
  A tarantella (shapeshifter) (Depths:3)
  9 trolls
  5 wind drakes
  A harpy zombie (Abyss:3)
  A wind drake (shapeshifter) (Vaults:5)
  5 human skeletons (Vaults:3)
  A frost giant simulacrum (Vaults:1)
  9 raiju (Abyss:3)
  17 tarantellas
  18 blink frogs
  8 snapping turtles
  Sigmund (D:3)
  6 dream sheep (Lair:1)
  3 centaur simulacra
  17 jumping spiders
  4 ynoxinuls (Abyss:3)
  25 slime creatures
  A dire elephant simulacrum (IceCv)
  21 culicivoras
  A flying skull (Abyss:3)
  An ettin skeleton (Vaults:3)
  6 shadows
  2 vampires (D:12)
  A wraith (D:12)
  3 wyverns
  3 air elementals
  33 yaks
  4 fire elementals
  22 water elementals
  7 basilisks
  5 hogs (Shoals:1)
  8 neqoxecs (Abyss:3)
  42 redbacks
  8 vampire mosquitoes (D:13)
  3 steam dragons
  A basilisk (shapeshifter) (D:14)
  A death yak simulacrum (IceCv)
  A human simulacrum (Vaults:1)
  2 wargs (Orc:2)
  13 water moccasins
  A floating eye (Depths:3)
  An acid dragon (D:9)
  4 hell hounds (Lair:5)
  39 orc warriors
  2 ice beasts
  An ettin simulacrum (Abyss:3)
  A sky beast (D:7)
  8 ogres
  2 glowing shapeshifter skeletons (Vaults:3)
  2 black bears
  A human zombie (Vaults:1)
  8 boggarts (Vaults:1)
  2 centaurs
  3 phantoms
  2 kobold brigands (D:8)
  12 bullfrogs
  A gnoll sergeant (D:7)
  2 earth elementals
  3 scorpions
  2 cane toad simulacra (IceCv)
  2 two-headed ogre simulacra (IceCv)
  A wight (Abyss:3)
  6 jellies
  An elephant simulacrum (IceCv)
  3 electric eels
  7 howler monkeys
  5 lava snakes (Lair:5)
  3 hounds
  19 orc priests
  12 small abominations
  A sleepcap (D:6)
  Ijyb (D:3)
  6 iguanas
  32 orc wizards
  4 troll simulacra (IceCv)
  A spriggan simulacrum (IceCv)
  2 wolf simulacra (IceCv)
  Robin (D:2)
  7 gnolls
  3 adders
  2 naga simulacra (IceCv)
  3 shadow imps
  4 white imps
  2 ufetubi
  3 worms (D:4)
  3 dart slugs
  58 orcs
  5 bats
  7 endoplasms
  7 giant cockroaches
  12 goblins
  9 hobgoblins
  3 jackals (D:4)
  3 quokkas
  4 ball pythons
  2 frilled lizards
  20 kobolds
  5 rats
  17 briar patches (Abyss:3)
  2 fulminant prisms
  A lurking horror (Abyss:3)
  4 starspawn tentacles (Abyss:3)
  A tentacle (Shoals:4)
1765 creatures vanquished.

Vanquished Creatures (collateral kills)
  A deep elf blademaster (Elf:3)
  A sphinx (Depths:3)
  A frost giant (Depths:4)
  A caustic shrike zombie (Abyss:3)
  2 deep elf elementalists (Elf:3)
  2 stone giants (Depths:4)
  An ironbound thunderhulk (Vaults:4)
  2 deep elf demonologists (Elf:3)
  5 very ugly things
  A spark wasp (Depths:4)
  A green death (Depths:2)
  A merfolk javelineer (Shoals:4)
  A fire dragon (Depths:1)
  4 merfolk impalers
  An ettin (Depths:4)
  A deep elf high priest (Elf:3)
  2 ice dragons (Depths:4)
  A catoblepas (Depths:1)
  3 boulder beetles
  An orc high priest (Elf:1)
  A deep troll shaman (Depths:3)
  9 dancing weapons
  A tengu warrior (Depths:1)
  2 spriggans
  A vampire mage (Depths:4)
  A deep elf knight (Elf:2)
  A pharaoh ant (Spider:4)
  4 deep trolls
  3 sea snakes (Shoals:4)
  An iron troll (Depths:3)
  2 wizards
  4 deep elf archers
  10 harpies
  A deep troll (shapeshifter) (Elf:3)
  An ironbound convoker (Vaults:1)
  2 lindwurms (Vaults:1)
  4 deep elf zephyrmancers
  5 deep elf pyromancers
  2 wolf spiders (Spider:2)
  2 ugly things
  A cyclops (Shoals:4)
  A shadow dragon skeleton (Depths:2)
  2 manticores
  A worldbinder (Abyss:3)
  5 fauns
  A merfolk siren (Shoals:2)
  A black mamba (shapeshifter) (Elf:3)
  A smoke demon (Abyss:3)
  A torpor snail (Spider:1)
  3 water nymphs (Shoals:3)
  A demonic crawler (Spider:2)
  A yaktaur (Vaults:4)
  2 hornets
  9 merfolk
  A wind drake (Shoals:2)
  2 hellwings (Abyss:3)
  5 tarantellas
  3 culicivoras
  7 jumping spiders
  2 water elementals
  3 slime creatures (Vaults:3)
  A spriggan skeleton (Depths:2)
  A small abomination (Abyss:3)
  3 fire elementals (Elf:1)
  7 redbacks
  A neqoxec (Depths:2)
  A large abomination (Abyss:3)
157 creatures vanquished.

Vanquished Creatures (others)
  A deep elf high priest (Elf:1)
  A merfolk aquamancer (Shoals:1)
  A deep elf knight (Elf:1)
  A jumping spider (Spider:4)
  A kobold brigand (D:10)
  An orc (Elf:1)
  2 demonic plants (Gauntlet)
  262 fulminant prisms
  26 fungi
  162 plants
  4 starspawn tentacles (Abyss:3)
  7 tentacles
469 creatures vanquished.

Grand Total: 2391 creatures vanquished

Notes
Turn   | Place    | Note
-------+----------+-------------------------------------------
     0 | D:1      | Iniera the Deep Elf Conjurer began the quest for the Orb.
     0 | D:1      | Reached XP level 1. HP: 10/10 MP: 6/6
   215 | D:1      | Reached XP level 2. HP: 15/15 MP: 6/8
   258 | D:1      | Reached skill level 5 in Conjurations
   644 | D:1      | Found a faded altar of an unknown god.
   986 | D:2      | Identified a scroll of acquirement
   986 | D:2      | Acquired the +2 hat of the Black Moon {Regen+}
  1172 | D:2      | Reached XP level 3. HP: 19/19 MP: 6/9
  1225 | D:2      | Learned a level 2 spell: Searing Ray
  1347 | D:2      | Noticed Robin
  1354 | D:2      | Killed Robin
  1805 | D:3      | Found a transporter.
  1861 | D:3      | Noticed oldplebian's ghost (weakling HOCA)
  1867 | D:3      | Noticed a necrophage
  1885 | D:3      | Reached XP level 4. HP: 24/24 MP: 8/11
  1952 | D:3      | Reached skill level 6 in Conjurations
  2085 | D:3      | Reached skill level 1 in Hexes
  2105 | D:3      | Found a transporter.
  2291 | D:3      | Acquired a staff of conjuration
  2337 | D:3      | Reached skill level 1 in Translocations
  2364 | D:3      | Noticed Ijyb
  2371 | D:3      | Learned a level 4 spell: Fulminant Prism
  2376 | D:3      | Killed Ijyb
  2521 | D:3      | Noticed Sigmund
  2555 | D:3      | Killed Sigmund
  2556 | D:3      | Reached XP level 5. HP: 26/28 MP: 2/13
  2556 | D:3      | Reached XP level 6. HP: 30/32 MP: 2/14
  2561 | D:3      | Learned a level 4 spell: Iskenderun's Mystic Blast
  2985 | D:4      | Found a burning altar of Makhleb.
  3123 | D:4      | Reached skill level 5 in Spellcasting
  3312 | D:4      | Identified the +2 dagger of the Singing Salmon {venom,
                  | rPois Int+3}
  3329 | D:4      | Reached skill level 1 in Fighting
  3429 | D:4      | Reached XP level 7. HP: 38/38 MP: 8/16
  3682 | D:4      | Found Hiss's Tremendous Tomes.
  3926 | D:4      | Found a hide-covered altar of Uskayaw.
  3933 | D:4      | Found a bloodstained altar of Trog.
  4028 | D:5      | Entered Level 5 of the Dungeon
  4046 | D:5      | Reached skill level 7 in Conjurations
  4607 | D:5      | Found a staircase to the Ecumenical Temple.
  4614 | Temple   | Entered the Ecumenical Temple
  4991 | D:5      | Reached XP level 8. HP: 44/44 MP: 11/19
  4998 | D:5      | Reached skill level 5 in Hexes
  5255 | D:5      | Found a radiant altar of Vehumet.
  5262 | D:5      | Became a worshipper of Vehumet
  5611 | D:6      | Found Egus's General Store.
  5751 | D:6      | Bought a potion of heal wounds for 50 gold pieces
  6587 | D:7      | Reached skill level 8 in Conjurations
  6896 | D:7      | Noticed a troll
  7103 | D:7      | Reached skill level 1 in Shields
  7490 | D:7      | Reached XP level 9. HP: 51/51 MP: 14/22
  7628 | D:7      | Learned a level 5 spell: Borgnjor's Vile Clutch
  7828 | D:7      | Killed a troll
  7829 | D:7      | Reached skill level 1 in Earth Magic
  7956 | D:8      | Reached skill level 1 in Necromancy
  8151 | D:8      | Reached * piety under Vehumet
  8151 | D:8      | Offered knowledge of Sandblast by Vehumet.
  8600 | D:8      | Identified the +6 quarterstaff of Tiefiqy {heavy, Fly Int+4
                  | Dex+4}
  9208 | D:9      | Found a staircase to the Lair.
  9349 | D:9      | Noticed a troll
  9351 | D:9      | Noticed a troll
  9355 | D:9      | Killed a troll
  9361 | D:9      | Killed a troll
  9362 | D:9      | Reached XP level 10. HP: 58/58 MP: 13/24
  9832 | D:10     | Entered Level 10 of the Dungeon
  9851 | D:10     | Noticed a two-headed ogre
  9858 | D:10     | Killed a two-headed ogre
  9859 | D:10     | Reached skill level 9 in Conjurations
 10015 | D:10     | Offered knowledge of Freeze by Vehumet.
 10016 | D:10     | Reached skill level 5 in Earth Magic
 10037 | D:10     | Reached ** piety under Vehumet
 10277 | D:10     | Reached skill level 5 in Fighting
 10902 | D:11     | Noticed a two-headed ogre
 10917 | D:11     | Killed a two-headed ogre
 10918 | D:11     | Reached skill level 5 in Dodging
 11463 | D:11     | Learned a level 5 spell: Yara's Violent Unravelling
 11539 | D:11     | Found a hide-covered altar of Uskayaw.
 11540 | D:11     | Noticed a gargoyle
 11545 | D:11     | Killed a gargoyle
 11545 | D:11     | Offered knowledge of Stone Arrow by Vehumet.
 11546 | D:11     | Reached XP level 11. HP: 64/64 MP: 17/26
 11589 | D:11     | Found a shimmering altar of Xom.
 11589 | D:11     | Found a sacrificial altar of Ru.
 11592 | D:11     | Found an iron altar of Okawaru.
 11592 | D:11     | Found a glowing golden altar of the Shining One.
 11592 | D:11     | Found a basalt altar of Yredelemnul.
 11639 | D:12     | Noticed Iniera's ghost (journeyman VSCj)
 11640 | D:12     | Found a transporter.
 11643 | D:12     | Noticed a catoblepas
 11643 | D:12     | Noticed a catoblepas
 11726 | D:12     | Found a transporter.
 11727 | D:12     | Noticed a fire dragon
 11803 | D:12     | Noticed a boulder beetle
 11804 | D:12     | Reached skill level 1 in Transmutations
 11952 | D:12     | Reached skill level 10 in Spellcasting
 12063 | D:12     | Noticed a deep elf pyromancer
 12067 | D:12     | Noticed a boulder beetle
 12069 | D:12     | Killed a deep elf pyromancer
 12070 | D:12     | Reached skill level 10 in Conjurations
 12070 | D:12     | Reached *** piety under Vehumet
 12314 | D:12     | Noticed a deep elf pyromancer
 12317 | D:12     | Killed a deep elf pyromancer
 12550 | D:12     | Killed a boulder beetle
 12663 | D:12     | Found Maxenahigre's Weapon Emporium.
 12666 | D:12     | Found a staircase to the Orcish Mines.
 12897 | D:12     | Found Emuocosm's Magic Scroll Shoppe.
 12907 | D:12     | Bought a scroll of magic mapping for 97 gold pieces
 12907 | D:12     | Bought a scroll of teleportation for 39 gold pieces
 12907 | D:12     | Bought a scroll of enchant armour for 97 gold pieces
 12907 | D:12     | Bought a scroll of enchant armour for 97 gold pieces
 13020 | Lair:1   | Entered Level 1 of the Lair of Beasts
 13028 | Lair:1   | Noticed a death yak
 13033 | Lair:1   | Noticed a death yak
 13036 | Lair:1   | Noticed a death yak
 13038 | Lair:1   | Noticed a death yak
 13040 | Lair:1   | Noticed a death yak
 13205 | Lair:2   | Reached skill level 1 in Evocations
 13230 | Lair:2   | Reached skill level 1 in Staves
 13390 | Lair:1   | Offered knowledge of Flame Wave by Vehumet.
 13817 | Lair:1   | Reached XP level 12. HP: 53/71 MP: 1/28
 14137 | Lair:1   | Killed a death yak
 14419 | Lair:1   | Reached skill level 11 in Conjurations
 14421 | Lair:1   | Reached **** piety under Vehumet
 14431 | Lair:1   | Offered knowledge of Kindle Blastsparks by Vehumet.
 14900 | Lair:1   | Killed a death yak
 14905 | Lair:1   | Killed a death yak
 14911 | Lair:1   | Killed a death yak
 14986 | Lair:1   | Killed a death yak
 15244 | Lair:2   | Reached skill level 5 in Evocations
 15409 | Lair:2   | Found a hole to the Spider Nest.
 16001 | Lair:2   | Found a blossoming altar of Fedhas.
 16332 | Lair:3   | Identified the ring "Guvap" {rC- Will++ AC+4}
 16368 | Lair:3   | Reached skill level 12 in Conjurations
 16368 | Lair:3   | Reached XP level 13. HP: 59/78 MP: 23/30
 16499 | Lair:3   | Found a hide-covered altar of Uskayaw.
 16499 | Lair:3   | Found an ornate altar of the Wu Jian Council.
 16659 | Lair:3   | Found a staircase to the Shoals.
 16777 | Lair:3   | Learned a level 7 spell: Orb of Destruction
 17862 | Lair:4   | You fall into a shaft and drop 1 floor!
 17862 | Lair:5   | Entered Level 5 of the Lair of Beasts
 18114 | Lair:4   | Found a viscous altar of Jiyva.
 18123 | Lair:4   | Found a staircase to the Slime Pits.
 18491 | Lair:5   | Reached ***** piety under Vehumet
 18492 | Lair:5   | Offered knowledge of Irradiate by Vehumet.
 18552 | Lair:5   | HP: 3/77 [electric eel/bolt of electricity (12)]
 19297 | Lair:5   | Reached skill level 13 in Conjurations
 19300 | Lair:5   | Noticed a fire dragon
 19311 | Lair:5   | Found a large runed translucent door.
 19339 | Lair:5   | Found a large runed translucent door.
 20210 | Lair:5   | Killed a fire dragon
 20478 | Orc:1    | Entered Level 1 of the Orcish Mines
 20897 | Orc:2    | Entered Level 2 of the Orcish Mines
 21052 | Orc:2    | Reached XP level 14. HP: 86/86 MP: 25/33
 21096 | Orc:2    | Found Ikieqo Qousi's Magic Scroll Shop.
 21132 | Orc:2    | Found Piceecot's Jewellery Boutique.
 21137 | Orc:2    | Bought a ring of magical power for 260 gold pieces
 21398 | Orc:2    | Found Oneboesch's Jewellery Shoppe.
 21398 | Orc:2    | Found a staircase to the Elven Halls.
 21406 | Orc:2    | Bought the ring of Lurghimp {rElec rC+ Str+2} for 648 gold
                  | pieces
 21495 | Orc:2    | Offered knowledge of Starburst by Vehumet.
 21585 | Orc:2    | Noticed an orc warlord
 21767 | Orc:2    | Bought a scroll of enchant armour for 97 gold pieces
 21767 | Orc:2    | Bought a scroll of teleportation for 39 gold pieces
 21767 | Orc:2    | Bought a scroll of fear for 52 gold pieces
 22365 | Orc:2    | Killed an orc warlord
 22483 | Orc:2    | Found Fyxoec's Antique Armour Shop.
 22484 | Orc:2    | Found Wifieps's Antique Weapon Shop.
 22486 | Orc:2    | Found Coaxt's General Store.
 22486 | Orc:2    | Found Conkaam's Jewellery Boutique.
 22491 | Orc:2    | Bought a potion of heal wounds for 55 gold pieces
 22491 | Orc:2    | Bought a wand of quicksilver (2) for 92 gold pieces
 22501 | Orc:2    | Bought a pair of embroidered boots for 202 gold pieces
 22652 | D:13     | Found a frozen archway.
 22666 | IceCv    | Entered an ice cave
 22876 | IceCv    | Reached skill level 14 in Conjurations
 22995 | IceCv    | Identified the ring of the Uplifting Pariah {rC+ Int+2}
 22995 | IceCv    | Noticed a reaper
 23002 | IceCv    | Killed a reaper
 23239 | D:13     | Reached skill level 5 in Staves
 23321 | D:13     | Noticed Nessos
 23325 | D:13     | Killed Nessos
 23355 | D:13     | You fall into a shaft and drop 2 floors!
 23355 | D:15     | Entered Level 15 of the Dungeon
 23363 | D:15     | Found the +6 lightning scales {swift, rElec}
 23585 | D:14     | Reached skill level 10 in Fighting
 23665 | D:14     | Found a gate leading to a gauntlet.
 23678 | Gauntlet | Entered a Gauntlet
 23678 | Gauntlet | Found a transporter.
 23678 | Gauntlet | Found a transporter.
 23687 | Gauntlet | Found a transporter.
 23689 | Gauntlet | Found a transporter.
 23694 | Gauntlet | Found a transporter.
 23707 | Gauntlet | Found a transporter.
 23711 | Gauntlet | Found a transporter.
 23711 | Gauntlet | Found a transporter.
 23715 | Gauntlet | Found a transporter.
 23740 | Gauntlet | Found a transporter.
 23747 | Gauntlet | Found a transporter.
 23765 | Gauntlet | Found a transporter.
 23810 | Gauntlet | Found a transporter.
 23826 | Gauntlet | Found a transporter.
 23925 | Gauntlet | Found a transporter.
 23939 | Gauntlet | Found a transporter.
 24051 | Gauntlet | Offered knowledge of Freezing Cloud by Vehumet.
 24148 | Gauntlet | Got the Folio of the Apprentice
 24186 | Gauntlet | Identified the ring "Ucuum" {rElec EV+5 Int+3 Dex+3 Stlth-}
 24250 | Gauntlet | Identified the +8 mace of the Median {heavy, Fragile Will+
                  | rCorr}
 24251 | Gauntlet | Got the Handbook of the Throng and the Shapeshifter
 24808 | D:13     | Found a runed translucent door.
 24837 | D:13     | Found a gate to the Vaults.
 24987 | D:13     | Reached XP level 15. HP: 88/92 MP: 34/34
 25276 | D:13     | Noticed a storm dragon
 25286 | D:13     | Killed a storm dragon
 25472 | D:13     | Found the +2 hood of the Assassin {Detect Stab+ Stlth++}
 26288 | D:15     | Paralysed by something for 5 turns
 26409 | D:15     | Noticed Jorgrun
 26414 | D:15     | Killed Jorgrun
 26415 | D:15     | Reached skill level 15 in Conjurations
 26526 | D:15     | Reached ****** piety under Vehumet
 26701 | D:15     | Found a staircase to the Depths.
 26710 | D:15     | Reached skill level 10 in Earth Magic
 27111 | Orc:2    | Bought a ring of flight for 192 gold pieces
 27269 | Shoals:1 | Entered Level 1 of the Shoals
 27277 | Shoals:1 | Offered knowledge of Spellforged Servitor by Vehumet.
 27339 | Shoals:1 | Reached skill level 1 in Summonings
 27419 | Shoals:1 | Reached skill level 15 in Spellcasting
 27496 | Shoals:1 | Found Upsidu's Self-Improvement Boutique.
 27540 | Shoals:1 | Noticed a kraken
 27549 | Shoals:1 | Killed a kraken
 28158 | Shoals:1 | Noticed Kirke
 28162 | Shoals:1 | Killed Kirke
 28399 | Shoals:1 | Learned a level 7 spell: Spellforged Servitor
 28452 | Shoals:2 | Reached XP level 16. HP: 90/100 MP: 22/37
 28564 | Shoals:2 | Noticed Ilsuiw
 28572 | Shoals:2 | Killed Ilsuiw
 29402 | Shoals:2 | Found Rutio's Assorted Antiques.
 29429 | Shoals:2 | Bought a potion of heal wounds for 205 gold pieces
 29429 | Shoals:2 | Bought a potion of heal wounds for 205 gold pieces
 29861 | Shoals:3 | Reached skill level 5 in Summonings
 29994 | Shoals:3 | Reached skill level 16 in Conjurations
 30054 | Shoals:3 | Offered knowledge of Arcjolt by Vehumet.
 30130 | Shoals:3 | Found Feqaca's Book Emporium.
 30453 | Shoals:3 | Identified the +1 long sword of the Dragonfly {venom,
                  | Dex+3}
 30810 | Shoals:4 | Entered Level 4 of the Shoals
 30888 | Shoals:3 | Learned a level 8 spell: Lehudib's Crystal Spear
 30916 | Shoals:4 | HP: 5/101 [merfolk javelineer/silver javelin (3)]
 31227 | Shoals:4 | Noticed a kraken
 31279 | Shoals:4 | Killed a kraken
 31327 | Shoals:4 | Reached XP level 17. HP: 106/106 MP: 35/38
 31419 | Shoals:4 | Reached skill level 17 in Conjurations
 31691 | Shoals:4 | Offered knowledge of Iron Shot by Vehumet.
 32237 | Shoals:4 | Got a barnacled rune of Zot
 32626 | Spider:1 | Entered Level 1 of the Spider Nest
 32883 | Spider:1 | You fall into a shaft and drop 1 floor!
 33101 | Spider:2 | Offered knowledge of Maxwell's Capacitive Coupling by
                  | Vehumet.
 33102 | Spider:2 | Reached skill level 1 in Armour
 35473 | Spider:4 | Entered Level 4 of the Spider Nest
 35491 | Spider:4 | Reached XP level 18. HP: 66/114 MP: 14/40
 35539 | Spider:4 | Reached skill level 18 in Conjurations
 35762 | Spider:4 | Offered knowledge of Shatter by Vehumet.
 35762 | Spider:4 | Offered knowledge of Chain Lightning by Vehumet.
 35762 | Spider:4 | Offered knowledge of Polar Vortex by Vehumet.
 37323 | Spider:4 | Identified the orb "Medakips" {mayhem, rElec Regen+ Int+2
                  | Dex+5}
 37347 | Spider:4 | Got a gossamer rune of Zot
 37608 | Elf:1    | Entered Level 1 of the Elven Halls
 37669 | Orc:2    | Bought the ring "Tenazaim" {rElec Will+ Int+6 Slay+3} for
                  | 750 gold pieces
 37870 | Elf:1    | Found Tepour's General Store.
 37870 | Elf:1    | Found Pocon's Magic Scroll Boutique.
 37872 | Elf:1    | Found Hioddodd's Book Boutique.
 37874 | Elf:1    | Found Cyadiop's Assorted Antiques.
 37887 | Elf:1    | Bought 2 scrolls of fog for 96 gold pieces
 38074 | Elf:1    | Paralysed by an air elemental for 1 turns
 38076 | Elf:1    | Paralysed by an air elemental for 1 turns
 38185 | Elf:1    | Found a runed translucent gate.
 38185 | Elf:1    | Found a runed translucent gate.
 38185 | Elf:1    | Found a runed translucent gate.
 38185 | Elf:1    | Found a runed translucent gate.
 38185 | Elf:1    | Found a runed translucent gate.
 38186 | Elf:1    | Found a runed translucent gate.
 38213 | Elf:1    | Reached skill level 15 in Earth Magic
 38939 | Elf:2    | Found Zocuonul's Weapon Shoppe.
 39041 | Elf:2    | Found a huge runed translucent gate.
 39041 | Elf:2    | Found a huge runed translucent gate.
 39066 | Elf:2    | Found a huge runed translucent gate.
 39139 | Elf:1    | Found a shimmering blue altar of Sif Muna.
 39522 | Elf:2    | Found a huge runed translucent gate.
 39526 | Elf:2    | Found a huge runed translucent gate.
 39692 | Elf:2    | Reached XP level 19. HP: 121/121 MP: 20/42
 40159 | Elf:3    | Entered Level 3 of the Elven Halls
 40202 | Elf:3    | Reached skill level 19 in Conjurations
 41062 | Elf:3    | Identified the ring "Umunoafu" {Slay+4 Stlth+}
 41066 | Elf:3    | Noticed a Tzitzimitl
 41069 | Elf:3    | Identified the +2 triple sword of Ugaeq {freeze, Dex+4}
 41069 | Elf:3    | Identified the ring "Piesmico" {AC+4 Int+3 SInv}
 41420 | Elf:3    | Found Peiplink's Antique Weapon Shop.
 41734 | Elf:3    | Identified the ring of Ceuth {Fire Int-3 Dex+5 Stlth+}
 41736 | Elf:3    | Identified the amulet "Jenwarag" {Faith rPois rCorr Int-4
                  | Slay+3} (You took it off a deep elf zephyrmancer on level 3
                  | of the Elven Halls)
 41759 | Elf:3    | Identified the +0 robe of Pikly {Dex+2}
 41884 | Elf:3    | Found the +5 Storm Queen's Shield {shock, Fly rElec}
 41890 | Elf:3    | Got the Octavo of Damaging Glamour
 41891 | Elf:3    | Identified the staff of fire "Mywnuidis" {rF+ Dex+3}
 41892 | Elf:3    | Identified the +0 plate armour of Siukhenua {Str+3}
 41901 | Elf:3    | Identified the staff of earth "Soywe Bexixt" {rC- Str+6
                  | Dex+3}
 41903 | Elf:3    | Got the Compendium of Incandescence and Guile
 41920 | Elf:3    | Identified the staff of death "Jipes" {rElec rPois rC- rN+
                  | SInv}
 41924 | Elf:3    | Identified the staff of earth "Aghef" {Int+3 Dex+3}
 42289 | Depths:1 | Entered Level 1 of the Depths
 42289 | Depths:1 | Found a one-way gate to the infinite horrors of the Abyss.
 42436 | Depths:1 | Reached skill level 5 in Transmutations
 42630 | Depths:1 | Found a portal to a secret trove of treasure.
 42665 | Depths:1 | Found Ylones's Pet Rocks.
 42739 | Depths:1 | Found a sparkling altar of Nemelex Xobeh.
 43135 | Depths:1 | Found a gateway to Hell.
 43213 | Depths:2 | Reached XP level 20. HP: 107/128 MP: 34/45
 43236 | Depths:2 | Noticed Gucom's ghost (veteran GnFi)
 43328 | Depths:2 | HP: 4/128 [frost giant/+3 battleaxe of freezing (4)]
 43333 | Depths:2 | Reached skill level 10 in Hexes
 43463 | Depths:2 | Found a viscous altar of Jiyva.
 43482 | Depths:2 | Found a runed translucent gate.
 43482 | Depths:2 | Found a runed translucent gate.
 43482 | Depths:2 | Found a runed translucent gate.
 43489 | Depths:2 | Identified the amulet of Qeeheq {RegenMP Str+4 Int+2}
 43717 | Depths:2 | Found a one-way gate leading to the halls of Pandemonium.
 43804 | Depths:2 | Found a transporter.
 43806 | Depths:2 | Found a transporter.
 43848 | Depths:2 | Found a white marble altar of Elyvilon.
 43848 | Depths:2 | Found a glowing golden altar of the Shining One.
 43849 | Depths:2 | Found a glowing silver altar of Zin.
 44119 | Depths:2 | Identified the ring "Yfian" {Fire rPois}
 44159 | Depths:3 | Reached skill level 10 in Dodging
 44170 | Depths:3 | Reached skill level 20 in Conjurations
 44210 | Depths:3 | Reached skill level 15 in Fighting
 44464 | Depths:3 | Found a one-way gateway to a ziggurat.
 45659 | Depths:4 | Entered Level 4 of the Depths
 46430 | Depths:4 | Reached XP level 21. HP: 134/134 MP: 8/47
 46926 | Depths:4 | Learned a level 9 spell: Shatter
 47059 | Depths:4 | Found a gate to the Realm of Zot.
 47059 | Depths:4 | Noticed a golden dragon
 47240 | Depths:4 | Killed a golden dragon
 47678 | Vaults:1 | Entered Level 1 of the Vaults
 47812 | Elf:2    | Bought the +3 Elemental Staff {rElec rF++ rC++ AC+5} for
                  | 1730 gold pieces
 47812 | Elf:2    | Found the +3 Elemental Staff {rElec rF++ rC++ AC+5}
 48082 | Vaults:1 | Found Vuerut's Book Shop.
 48801 | Vaults:1 | Reached skill level 1 in Ice Magic
 49647 | Vaults:2 | Reached skill level 21 in Conjurations
 50205 | Vaults:2 | Reached XP level 22. HP: 132/142 MP: 41/48
 50837 | Vaults:3 | Reached skill level 5 in Ice Magic
 50890 | Vaults:3 | Found Udiyrilau's Assorted Antiques.
 51377 | Vaults:3 | Found a staircase to the Crypt.
 52115 | Vaults:4 | Noticed Mennas
 52121 | Vaults:4 | Killed Mennas
 52355 | Vaults:4 | Reached skill level 5 in Necromancy
 52449 | Vaults:4 | Found a flickering gateway to a bazaar.
 52465 | Bazaar   | Entered a bazaar
 52465 | Bazaar   | Found Rasacwupp's Armour Emporium.
 52465 | Bazaar   | Found Momotsi's Armour Shoppe.
 52465 | Bazaar   | Found Gilai's Distillery.
 52481 | Bazaar   | Bought a potion of curing for 30 gold pieces
 52600 | Vaults:4 | Identified the +15 plate armour of the Amoeba {Harm}
 52875 | Vaults:4 | Identified the +12 whip of Horuiff {drain, rPois rF- Int+4}
 53622 | Vaults:5 | Entered Level 5 of the Vaults
 53630 | Vaults:5 | Reached XP level 23. HP: 148/148 MP: 44/49
 53639 | Vaults:5 | Noticed a dread lich
 53687 | Vaults:5 | Killed a dread lich
 53688 | Vaults:5 | Reached skill level 22 in Conjurations
 53693 | Vaults:5 | Reached skill level 15 in Dodging
 53694 | Vaults:5 | Identified the +7 scimitar "Xeipofol" {venom, rF++ rN+
                  | rCorr Dex-2}
 54189 | Vaults:5 | Got a silver rune of Zot
 54195 | Vaults:5 | Identified the staff of poison "Icva Ady" {rElec rPois rF-
                  | rC+++ rCorr}
 54315 | Vaults:5 | Identified the +2 robe "Muatag" {rC++ Dex-5}
 54350 | Vaults:5 | Identified the +1 leather armour of Chill Winds {rElec}
 54355 | Vaults:5 | Identified the +1 spear of Woe {speed, Fragile rCorr Dex+3}
 54839 | Vaults:5 | Identified the staff of poison "Niaff" {+Blink rPois}
 54841 | Vaults:5 | Acquired the +7 lajatang of Order {silver, rMut}
 54841 | Vaults:5 | Found the +7 lajatang of Order {silver, rMut}
 54979 | Vaults:5 | Found Epseid's Distillery.
 54987 | Vaults:5 | Bought a potion of haste for 130 gold pieces
 54987 | Vaults:5 | Bought a potion of curing for 39 gold pieces
 54987 | Vaults:5 | Bought a potion of mutation for 104 gold pieces
 55478 | Depths:1 | Voluntarily entered the Abyss.
 55487 | Abyss:1  | Found a corrupted altar of Lugonu.
 55637 | Abyss:3  | Found a corrupted altar of Lugonu.
 55679 | Abyss:3  | Gained mutation: You occasionally lose the ability to read
                  | scrolls when taking damage. [a neqoxec]
 55686 | Abyss:3  | Lost strength.
 55701 | Abyss:3  | Found a corrupted altar of Lugonu.
 55852 | Abyss:3  | Lost strength.
 55861 | Abyss:3  | Paralysed by accursed screaming for 2 turns
 55865 | Abyss:3  | HP: 3/134 [wretched star/lance of force (16)]
 55866 | Abyss:3  | Killed from afar by a starcursed mass

Illustrated notes

Levels and vault maps discovered:
D:1:      dpeg_arrival_central, layout_rooms,
          hellmonk_ecumenical_altar_slurped_away, minmay_tripent
D:2:      layout_rooms, uniq_robin
D:3:      layout_loops_ring, gammafunk_ghost_mausoleum, uniq_ijyb, uniq_sigmund
D:4:      layout_rooms, mainiacjoe_overflow_tiny_flanked,
          mainiacjoe_overflow_big_doors, dreamdust_princess_bridge,
          nicolae_shop_i_like_big_books
D:5:      layout_layer_cave, vehumet_statue, minmay_temple_entry_tees,
          minmay_door_square, minmay_crossroads
D:6:      layout_rooms, serial_shops, shop, serial_rivers,
          chequers_serial_rivers_small_a, chequers_serial_rivers_large_a,
          chequers_serial_rivers_room_b, chequers_serial_rivers_marsh,
          chequers_serial_rivers_small_a, chequers_serial_rivers_small_3
D:7:      layout_loops_corners, hangedman_decor_lopped, kennysheep_small_square
D:8:      layout_basic
D:9:      layout_loops_ring, lair_entry_dummy, kennysheep_dice
D:10:     layout_basic
D:11:     layout_rooms, doesnt_xom_only_xom
D:12:     layout_rooms, orc_david_3, gammafunk_ghost_berserking_beasts,
          serial_shops, shop, hangedman_abyss_or_decor_passed
D:13:     layout_stronghold, david_vaults_1, portal_ice_cave_entry_pillars_1,
          minivault_13, uniq_nessos
D:14:     minmay_crescents, layout_basic, gauntlet_entry_generic
D:15:     grunt_enter_depths_snipers, layout_irregular_city,
          serial_park_fountain, uniq_jorgrun
Temple:   mainiacjoe_temple_coin_purse
Lair:1:   layout_chaotic_city, grunt_megastairs_5
Lair:2:   layout_misc_corridors, nicolae_spider_entry_tight_spaces, basic_altar,
          serial_bayou_shore_a
Lair:3:   layout_small_grid, nicolae_shoals_entry_roost,
          nzn_masters_of_martial_movement, infiniplex_staircase_pool,
          grunt_megastairs_3, serial_bayou_shore_b, lemuel_fruit_fields
Lair:4:   layout_regular_city, dpeg_slime_entry_corner
Lair:5:   cheibrodos_lair_end_hotspot, layout_gridlike, serial_bayou_lagoon_a,
          serial_bayou_ford_a
Shoals:1: layout_shoals, nicolae_shop_self_help, uniq_kirke
Shoals:2: layout_shoals, serial_shops, shop_statue, uniq_ilsuiw
Shoals:3: layout_shoals, serial_shops, shop, nicolae_shoals_sun_and_surf
Shoals:4: shoals_end_grunt_ice, layout_shoals, shoals_ilsuiw_ice, kb_tengu_band
Spider:1: layout_spider_delve, hellmonk_deceptive_appearances
Spider:2: layout_cave_pods
Spider:3: layout_spider_delve, nicolae_spider_claw_tunnel
Spider:4: grunt_spider_rune_circles
Orc:1:    layout_caves, nicolae_orc_bridge_out, nicolae_orc_crystal_geode
Orc:2:    st_orc_congregation, layout_caves, serial_shops,
          nicolae_shop_hallway_plus, nicolae_shop_hallway_stairs, shop
Elf:1:    elf_arrival_001, layout_geoelf_grid, orc_legates, minmay_shoptagon,
          lemuel_upstairs_altar
Elf:2:    elven_hall_of_blades_hangedman_alternative
          [nicolae_blade_entry_antechamber], layout_gridlike, serial_shops, shop
Elf:3:    elf_hall, layout_gridlike, serial_shops, nicolae_shop_waterfront
Vaults:1: vaults_room_door_ring, v_misc_19, hangedman_vaults_variations,
          v_misc_17, v_alt_pattern_2, ontoclasm_vaults_ring_small,
          dpeg_vaults_monster_row, hangedman_vaults_stretched_pinwheel,
          ontoclasm_vaults_pinch, nicolae_vaults_three_branches,
          layout_vaults_omnigrid, serial_shops, nicolae_shop_behind_doors
Vaults:2: hangedman_vaults_hat, vaults_dpeg_encased_lava,
          nicolae_vaults_specimen_jars, ontoclasm_vaults_loading_screen,
          nicolae_vaults_network_barrier, hangedman_vaults_snaps,
          vaults_room_hallway, vaults_room_semicircle, hangedman_vaults_slither,
          vaults_mumra_lcd, vaults_dpeg_emergency_exit,
          layout_vaults_maze_snakey
Vaults:3: v_alt_pattern_4, grunt_vaults_focal,
          minmay_crypt_entry_skeletal_spiral, st_spiral_rooms,
          ontoclasm_vaults_ring_small, vaults_room_door_ring,
          ontoclasm_vaults_spin, nicolae_vaults_little_squares_5,
          ontoclasm_vaults_decontamination, v_misc_29, vaults_room_door_hall,
          nicolae_vaults_little_squares_1, vaults_dpeg_hooks,
          nicolae_vaults_what_the_h, layout_vaults_omnicross, serial_shops,
          shop_fountains
Vaults:4: grunt_vaults_trifunnel, nicolae_vaults_disjoint_gnomons, v_misc_15,
          v_misc_24, vaults_room_semicircle, nicolae_vaults_circle_grid_b,
          vaults_mumra_minichess, vaults_room_stairs_pillars,
          vaults_dpeg_diagonal, vaults_room_fours, ontoclasm_vaults_ring_small,
          st_lines, layout_vaults_ring, serial_shops, bzr_entry_gold,
          uniq_mennas
Vaults:5: serial_shops
Depths:1: layout_cave_pools, grunt_hell_entry_dis_grunt,
          nemelex_diamond_rough_becter, nicolae_trove_entry_columns,
          abyss_entry, guppyfry_shop_earth, serial_bayou_shore_b
Depths:2: gammafunk_jiyva_shrine, layout_small_grid, hell_entry,
          rand_demon_pan_entry_8, abyss_entry_crystal, gammafunk_ghost_icy,
          good_gods_temple_1, minmay_holes
Depths:3: evilmike_cross, layout_gridlike, enter_ziggurat_b, hellmouth_1,
          abyss_entry_small_statue_room
Depths:4: grunt_x_marks_the_spot, layout_gridville, hangedman_geh_valley,
          pan_entry, minmay_misc_feat_enclosed, grunt_ministairs_2,
          kennysheep_random_hallway
Abyss:3:  base: D:8, hangedman_abyss_or_decor_jellyfish_corner, minivault_1,
          grunt_abyss_exit_deep_breaths, nicolae_abyss_rune_left_handed,
          nicolae_abyss_rune_left_handed

Skill      XL: |  1  2  3  4  5  6  7  8  9 10 11 12 13 14 15 16 17 18 19 20 21 22 23 |
---------------+----------------------------------------------------------------------+-----
Conjurations   | 5 6 7 8 9 10 12 13 14 15 16 17 18 19 20 21 22 | 22.5
Hexes          | 2 3 4 5 7 9 10 | 10.5
Translocations | 2 3 4 |  4.5
Spellcasting   | 4 5 6 7 8 9 10 11 13 15 16 17 19 20 | 20.5
Fighting       | 1 2 3 4 5 6 7 9 10 11 12 13 14 15 16 17 | 17.2
Dodging        | 4 5 7 9 11 13 14 15 | 15.9
Shields        | 1 3 4 |  4.1
Earth Magic    | 4 6 7 10 12 14 15 16 18 19 20 | 20.8
Necromancy     | 3 4 6 9 |  9.4
Stealth        | 3 4 |  4.8
Transmutations | 4 5 6 7 |  7.3
Evocations     | 2 6 7 8 |  8.3
Staves         | 2 4 6 |  6.2
Summonings     | 3 5 6 7 |  7.3
Armour         | 2 4 |  4.5
Ice Magic      | 4 7 9 |  9.9

Action                     |  1- 3 |  4- 6 |  7- 9 | 10-12 | 13-15 | 16-18 | 19-21 | 22-24 || total
---------------------------+-------+-------+-------+-------+-------+-------+-------+-------++-------
  Melee: Unarmed           |    10 |       |       |       |       |       |       |       ||    10
         Dagger            |     9 |     2 |       |       |       |       |       |       ||    11
         Staff             |       |     5 |    16 |    82 |   513 |   249 |   211 |   205 ||  1281
   Cast: Magic Dart        |    67 |    54 |   135 |   133 |    57 |     1 |       |       ||   447
         Searing Ray       |     3 |     8 |    40 |    62 |    24 |     2 |     1 |       ||   140
         Fulminant Prism   |       |     6 |    20 |    54 |    75 |    49 |    60 |     1 ||   265
         Iskenderun's Myst |       |     1 |    18 |    67 |   109 |    60 |    34 |    10 ||   299
         Borgnjor's Vile C |       |       |       |    17 |   106 |    76 |    48 |    10 ||   257
         Orb of Destructio |       |       |       |       |   104 |   130 |   129 |    34 ||   397
         Spellforged Servi |       |       |       |       |       |    58 |    43 |     5 ||   106
         Lehudib's Crystal |       |       |       |       |       |   151 |   144 |    25 ||   320
         Yara's Violent Un |       |       |       |       |       |     2 |    29 |     3 ||    34
         Shatter           |       |       |       |       |       |       |    37 |   180 ||   217
  Evoke: Wand              |       |       |       |    17 |       |     1 |     2 |       ||    20
         Condenser vane    |       |       |       |       |       |     1 |       |       ||     1
    Use: Scroll            |     5 |     7 |    15 |     9 |    10 |    12 |     4 |     1 ||    63
         Potion            |       |       |       |     1 |     1 |     3 |     4 |    10 ||    19
   Stab: Sleeping          |       |     2 |       |     2 |     2 |       |       |       ||     6
         Distracted        |       |       |       |       |       |     2 |       |     1 ||     3
 Armour: Robe              |     7 |       |    12 |    16 |   134 |   132 |   109 |   105 ||   515
  Dodge: Dodged            |    24 |     7 |    35 |    91 |   459 |   418 |   142 |   173 ||  1349
  Block: Other             |     1 |     4 |    12 |       |       |       |       |       ||    17
         Reflection        |       |       |     6 |     5 |       |       |       |       ||    11
         Buckler           |       |       |     4 |    65 |   149 |   182 |   112 |    81 ||   593

Table legend: (Time is in decaauts)
 A = Elapsed time spent in this place.
 B = Non-inter-level travel time spent in this place.
 C = Inter-level travel time spent in this place.
 D = Time resting spent in this place.
 E = Time spent auto-exploring this place.
 F = Levels seen in this place.
 G = Mean time per level.
                   A        B        C        D        E       F      G
               +--------+--------+--------+--------+--------+-----+--------+
         Total |  56044 |  52367 |   3677 |   6647 |  32971 |  49 | 1143.8 |
       Dungeon |  16906 |  15644 |   1262 |   2407 |  10954 |  15 | 1127.1 |
        Temple |    111 |     97 |     14 |      0 |     84 |   1 |  111.0 |
          Lair |   7550 |   7176 |    374 |   1057 |   4406 |   5 | 1510.0 |
        Shoals |   5311 |   5029 |    282 |    387 |   2827 |   4 | 1327.8 |
   Spider Nest |   4877 |   4689 |    188 |    850 |   2478 |   4 | 1219.2 |
  Orcish Mines |   2413 |   2004 |    409 |    171 |   1031 |   2 | 1206.5 |
   Elven Halls |   4595 |   4122 |    473 |    391 |   2703 |   3 | 1531.7 |
        Vaults |   7420 |   7131 |    289 |    521 |   5140 |   5 | 1484.0 |
        Depths |   5280 |   4898 |    382 |    676 |   2745 |   4 | 1320.0 |
         Abyss |    418 |    418 |      0 |      0 |     71 |   3 |  139.3 |
        Bazaar |     23 |     23 |      0 |      0 |     16 |   1 |   23.0 |
      Ice Cave |    560 |    560 |      0 |    161 |    208 |   1 |  560.0 |
      Gauntlet |    574 |    574 |      0 |     26 |    306 |   1 |  574.0 |
               +--------+--------+--------+--------+--------+-----+--------+

Top non-repeatable levels by time:
  Lair:5: 1992 daAuts
  Lair:1: 1965 daAuts
Depths:4: 1889 daAuts
   Elf:3: 1865 daAuts
Vaults:4: 1856 daAuts
Vaults:1: 1706 daAuts
Spider:4: 1631 daAuts
    D:13: 1610 daAuts
     D:7: 1546 daAuts
Shoals:4: 1544 daAuts
   Orc:2: 1535 daAuts
   Elf:2: 1501 daAuts
Depths:3: 1445 daAuts
     D:5: 1435 daAuts
  Lair:2: 1431 daAuts
